 Dungeon Crawl Stone Soup version 0.31-a0-765-g67fe2935dc (webtiles) character file.

Game seed: 832000059615336232

189 cforsyth the Trooper (level 6, -9/49 HPs)
             Began as a Djinni Delver on Sept 15, 2023.
             Splashed by a jelly's acid (10 damage)
             ... on level 5 of the Dungeon.
             The game lasted 00:01:41 (883 turns).

cforsyth the Trooper (Djinni Delver)                 Turns: 883, Time: 00:01:41

Health: -9/49      AC: -5    Str: 11    XL:     6   Next: 0%
Gold:   24         EV: 12    Int: 13    God:
                   SH:  0    Dex: 15

rFire   + + .        a - +0 falchion
rCold   x . .        (no shield)
rNeg    . . .        b - +0 leather armour
rPois   ∞            (no helmet)
rElec   .            (no cloak)
rCorr   .            (no gloves)
SInv    .            (boots unavailable)
Will    .....        (no amulet)
Stlth   ++           (no ring)
HPRegen 0.28/turn    (no ring)
MPRegen 0.00/turn

%: infuse magic (-10 HP)
@: corroded, flying, hasted, very quick
A: sickness immunity, fire resistance 2, cold vulnerability 1, float, innate
caster, HP casting, extra vitality 1
a: no special abilities


You were on level 5 of the Dungeon.
You visited 1 branch of the dungeon, and saw 2 of its levels.

You collected 24 gold pieces.

Inventory:

Hand Weapons
 a - a +0 falchion (weapon)
Armour
 b - a +0 leather armour (worn)
Wands
 g - a wand of digging (3)
Scrolls
 c - a scroll of fog
 d - a scroll of revelation
 e - a scroll of enchant weapon {unknown}
 i - a scroll of noise {unknown}
Potions
 h - a potion of curing {unknown}


   Skills:
 + Level 4.8 Fighting
 - Level 1.7 Long Blades
 - Level 2.1 Dodging
 - Level 4.1 Stealth
 + Level 2.5 Spellcasting
 + Level 2.5 Conjurations
 + Level 2.5 Hexes
   Level 0.0 Charms
 + Level 2.5 Summonings
 + Level 2.5 Necromancy
 + Level 2.5 Translocations
 + Level 2.5 Transmutations
 + Level 2.5 Fire Magic
 + Level 2.5 Ice Magic
 + Level 2.5 Air Magic
 + Level 2.5 Earth Magic
 + Level 2.5 Poison Magic


You knew the following spells:

 Your Spells              Type           Power      Damage    Failure   Level
a - Foxfire               Conj/Fire      32%        2x1d5     11%         1
b - Lesser Beckoning      Tloc           16%        N/A       17%         2
Your spell library was empty.

Dungeon Overview and Level Annotations

Branches:
Dungeon (5/15)
 Temple: D:4-7

Altars:
Makhleb


Innate Abilities, Weirdness & Mutations

You are immune to sickness and miasma.
You are immune to poison.
Your flesh is very heat resistant. (rF++)
You are vulnerable to cold. (rC-)
You float through the air rather than walking.
You learn spells naturally, not from books.
Your magical power is your life essence.
You have superior vitality. (+4 MHP)


Message History

The black bear bites you.
The black bear claws you but does no damage.
The black bear claws you.
* * * LOW HITPOINT WARNING * * *
The black bear bites you.
* * * LOW HITPOINT WARNING * * *
The black bear claws you but does no damage.
The black bear claws you.
* * * LOW HITPOINT WARNING * * *
You closely miss the black bear.
The black bear is lightly wounded.
The black bear bites you.
* * * LOW HITPOINT WARNING * * *
The black bear claws you but does no damage.
The black bear claws you.
* * * LOW HITPOINT WARNING * * *
Okay, then.
You feel yourself speed up. The black bear misses you.
The black bear barely misses you.
The black bear claws you but does no damage.
Found a leather armour.
Found a scroll labelled OCEINL MIOLYSEZU.
e - a scroll labelled OCEINL MIOLYSEZU The jelly quivers.
You are too injured to fight recklessly!
The jelly hits you.
* * * LOW HITPOINT WARNING * * *
The acid corrodes you!
You are splashed with acid!
* * * LOW HITPOINT WARNING * * *
You hit the jelly.
Your hands burn!
* * * LOW HITPOINT WARNING * * *
The jelly is lightly wounded.
The jelly barely misses you.
You hit the jelly. The acid corrodes you!
Your hands burn!
* * * LOW HITPOINT WARNING * * *
The jelly is lightly wounded.
The jelly hits you.
* * * LOW HITPOINT WARNING * * *
You are splashed with acid!
You die...

##########.......##...>.......
## ####..#..#..............
.#####..........##............
....#...........####....##...#
#...............## ##...# ####
....##...........####.#....#
#...#..#########...##.####..#
#...#..#..[#...#J#....# ..#
#......#.#.#.#.#@##..)# ..
....##.#.#.#.#.#.##...# #
.......#.#.#.#.#......#
..h....#.#.#.#.#..#...#
######.#.#.#.#.#.##...# ##
#.#.#.#.#.#.###### .##
##.h.#...#...#
..###..#########.#
#...>......÷.....#


You could see a jelly.

Vanquished Creatures
  A scorpion (D:4)
  A howler monkey (D:5)
  2 hounds (D:5)
  An iguana (D:5)
  An ufetubus (D:5)
  A quokka (D:5)
  A ball python (D:4)
8 creatures vanquished.

Vanquished Creatures (others)
  27 foxfires (D:5)
27 creatures vanquished.

Grand Total: 35 creatures vanquished

Notes
Turn   | Place    | Note
-------+----------+-------------------------------------------
     0 | D:5      | cforsyth the Djinni Delver began the quest for the Orb.
     0 | D:5      | Reached XP level 1. HP: 20/20 MP: 0/0
     0 | D:5      | Found a burning altar of Makhleb.
     1 | D:5      | Noticed an ogre
    47 | D:5      | Noticed an iguana
    52 | D:5      | Noticed a howler monkey
    74 | D:5      | Killed a howler monkey
    75 | D:5      | Reached skill level 1 in Spellcasting
    75 | D:5      | Reached skill level 1 in Conjurations
    75 | D:5      | Reached skill level 1 in Hexes
    75 | D:5      | Reached skill level 1 in Summonings
    75 | D:5      | Reached skill level 1 in Necromancy
    75 | D:5      | Reached skill level 1 in Translocations
    75 | D:5      | Reached skill level 1 in Transmutations
    75 | D:5      | Reached skill level 1 in Fire Magic
    75 | D:5      | Reached skill level 1 in Ice Magic
    75 | D:5      | Reached skill level 1 in Air Magic
    75 | D:5      | Reached skill level 1 in Earth Magic
    75 | D:5      | Reached skill level 1 in Poison Magic
    75 | D:5      | Reached XP level 2. HP: 6/26 MP: 0/0
    75 | D:5      | Reached XP level 3. HP: 7/31 MP: 0/0
    75 | D:5      | Learned a level 1 spell: Foxfire
   177 | D:5      | Reached XP level 4. HP: 15/37 MP: 0/0
   284 | D:5      | Reached XP level 5. HP: 9/41 MP: 0/0
   284 | D:5      | Learned a level 2 spell: Lesser Beckoning
   414 | D:5      | Noticed a black bear
   649 | D:4      | Reached XP level 6. HP: 23/49 MP: 0/0
   883 | D:5      | HP: 2/49 [acid (2)]
   883 | D:5      | Splashed by a jelly's acid

Illustrated notes

Levels and vault maps discovered:
D:4:      minmay_angry_zag, layout_basic, minmay_temple_entry_junction_2,
          nrook_mini_backslash, corner_web_ring, uniq_eustachio, uniq_ijyb,
          uniq_duvessa
D:5:      layout_rooms, mainiacjoe_overflow_tiny_flanked, minivault_27

Skill      XL: |  1  2  3  4 |
---------------+-------------+-----
Spellcasting   | 1 2 |  2.5
Conjurations   | 1 2 |  2.5
Hexes          | 1 2 |  2.5
Summonings     | 1 2 |  2.5
Necromancy     | 1 2 |  2.5
Translocations | 1 2 |  2.5
Transmutations | 1 2 |  2.5
Fire Magic     | 1 2 |  2.5
Ice Magic      | 1 2 |  2.5
Air Magic      | 1 2 |  2.5
Earth Magic    | 1 2 |  2.5
Poison Magic   | 1 2 |  2.5
Fighting       | 4 |  4.8
Long Blades    | |  1.7
Dodging        | |  2.1
Stealth        | |  4.1

Action                     |  1- 3 |  4- 6 || total
---------------------------+-------+-------++-------
  Melee: Falchion          |    32 |    29 ||    61
         Punch             |       |     3 ||     3
   Cast: Foxfire           |     4 |    11 ||    15
    Use: Scroll            |       |     1 ||     1
         Potion            |       |     1 ||     1
 Armour: Leather armour    |    23 |    39 ||    62
  Dodge: Dodged            |    24 |    35 ||    59

Table legend: (Time is in decaauts)
 A = Elapsed time spent in this place.
 B = Non-inter-level travel time spent in this place.
 C = Inter-level travel time spent in this place.
 D = Time resting spent in this place.
 E = Time spent auto-exploring this place.
 F = Levels seen in this place.
 G = Mean time per level.
                   A        B        C        D        E       F      G
               +--------+--------+--------+--------+--------+-----+--------+
         Total |    880 |    880 |      0 |    480 |    134 |   2 |  440.0 |
       Dungeon |    880 |    880 |      0 |    480 |    134 |   2 |  440.0 |
               +--------+--------+--------+--------+--------+-----+--------+

Top non-repeatable levels by time:
     D:5: 658 daAuts
     D:4: 222 daAuts
